 Dungeon Crawl Stone Soup version 0.32-a0-913-g739538afd8 (webtiles) character file.

Game seed: 12635580556187885114

2481 ezpacito the Trooper (level 9, -2/54 HPs)
             Began as a Coglin Chaos Knight on Apr 8, 2024.
             Was a Plaything of Xom.
             Killed from afar by an acid dragon (34 damage)
             ... with a splash of acid
             ... on level 6 of the Dungeon.
             The game lasted 00:09:12 (5083 turns).

ezpacito the Trooper (Coglin Chaos Knight)          Turns: 5083, Time: 00:09:12

Health: -2/54      AC: 18    Str: 17    XL:     9   Next: 51%
Magic:  3/3        EV: 12    Int: 11    God:    Xom [...*..]
Gold:   247        SH:  0    Dex: 14    Spells: 0/12 levels left

rFire   + + .        a - +1 hand axe (chaos) {Fikile}
rCold   + + .        x - +2 flail (protect) {Ashmeen}
rNeg    . . .        y - +2 leather armour of the Gravedigger {rF++ rC+ Will+ MP-9}
rPois   +            h - +0 helmet
rElec   .            g - +1 cloak
rCorr   .            z - +0 pair of gloves
SInv    .            (no boots)
Will    +....        (amulet unavailable)
Stlth   ++           (ring unavailable)
HPRegen 0.29/turn    (ring unavailable)
MPRegen 0.08/turn    (no gizmo)

%: no passive effects
@: under a protective aura, revving
A: off-hand wielding, slow wielding, warmup strikes, no jewellery, cold
resistance 1, frail 2, poison resistance, shaggy fur 1
a: Invent Gizmo, Renounce Religion


You were on level 6 of the Dungeon.
You worshipped Xom.
You were a favourite toy of Xom.
You visited 2 branches of the dungeon, and saw 7 of its levels.
You also visited: Sewer.

You collected 247 gold pieces.

Inventory:

Hand Weapons
 a - a +1 hand axe of chaos (weapon) {Fikile}
 c - a +0 spear
 i - a +0 war axe
 x - a +2 flail of protection (offhand) {Ashmeen}
 D - a +1 mace of pain {Chang}
Missiles
 o - 20 poisoned darts (quivered)
 r - 7 boomerangs
Armour
 g - a +1 cloak (worn)
 h - a +0 helmet (worn)
 u - a scarf of repulsion
 y - the +2 leather armour of the Gravedigger (worn) {rF++ rC+ Will+ MP-9}
   (You found it on level 3 of the Dungeon)

   rF++:      It greatly protects you from fire.
   rC+:       It protects you from cold.
   Will+:     It increases your willpower.
   MP-9:      It affects your magic capacity (-9).
 z - a +0 pair of gloves (worn)
Magical Staves
 A - a staff of fire
Wands
 p - a wand of mindburst (5)
 F - a wand of charming (9)
 G - a wand of acid (9)
Scrolls
 b - 2 scrolls of immolation {unknown}
 f - a scroll of brand weapon
 j - 2 scrolls of poison
 n - a scroll of fog
 t - 5 scrolls of teleportation
 w - a scroll of vulnerability {unknown}
 C - 2 scrolls of revelation {unknown}
 E - a scroll of fear {unknown}
Potions
 d - 2 potions of enlightenment
 k - 4 potions of attraction
 q - a potion of curing
 s - a potion of mutation


   Skills:
 * Level 5.4 Fighting
 * Level 5.4(6.1) Axes
 * Level 3.7(5.0) Polearms
 * Level 4.5 Armour
 * Level 4.1 Dodging
 + Level 2.6 Stealth
 + Level 1.6 Unarmed Combat
 + Level 2.4 Spellcasting
 + Level 0.4 Hexes
 + Level 1.7 Summonings
 + Level 2.7 Necromancy
 + Level 0.3 Translocations
 + Level 0.4 Fire Magic
 + Level 0.3 Ice Magic
 + Level 0.3 Earth Magic
 + Level 3.6 Evocations


You couldn't memorise any spells.
You knew the following spells:

 Your Spells              Type           Power      Damage    Failure   Level
a - Ensorcelled Hibernat  Hex/Ice        4%         N/A       41%         2
b - Summon Blazeheart Go  Fire/Summ      3%         N/A       91%         4
c - Summon Small Mammal   Summ           20%        N/A       16%         1
d - Blink                 Tloc           4%         N/A       41%         2
w - Passwall              Erth           2%         N/A       65%         3

Your spell library contained the following spells:

 Spells                   Type           Power      Damage    Failure   Level
 Momentum Strike          Conj/Tloc      2%         3d8       43%         2
 Call Canine Familiar     Summ           5%         N/A       43%         3
 Volatile Blastmotes      Fire/Tloc      4%         2d10      63%         3
 Swiftness                Air            1%         N/A       69%         3


Dungeon Overview and Level Annotations

Branches:
Dungeon (6/15)             Temple (1/1) D:4           Sewer (visited)

Altars:
Ashenzari
Cheibriados
Dithmenos
Elyvilon
Fedhas
Gozag
Hepliaklqana
Kikubaaqudgha
Makhleb
Nemelex Xobeh
Okawaru
Qazlal
Ru
Sif Muna
Trog
Uskayaw
Vehumet
Wu Jian
Xom
Yredelemnul
Zin

Shops:
D:3 :   D:6 =


Innate Abilities, Weirdness & Mutations

You can wield a second weapon in your off-hand.
It takes a long time for you to wield or remove held weapons.
Your first few attacks do less damage.
You cannot equip rings or amulets.
Your flesh is cold resistant. (rC+)
You are very frail. (-20% HP)
Your system is resistant to poisons. (rPois)
You are covered in fur. (AC +1)


Message History

The white imp barely misses you.
You slash the white imp with your +1 hand axe of chaos!
You kill the white imp!
There is an open door here.
The iguana hisses angrily.
The iguana closely misses you.
You closely miss the iguana with your +2 flail of protection.
You hit the iguana with your +1 hand axe of chaos.
The iguana convulses.
The iguana barely misses you.
You sock the iguana with your +2 flail of protection!
Your weapon exudes an aura of protection.
The iguana is severely wounded.
You barely miss the iguana with your +1 hand axe of chaos.
The iguana barely misses you.
You hit the iguana with your +2 flail of protection.
You kill the iguana!
There is an open door here.
An acid dragon and a white imp come into view.
The acid dragon barely misses you. x2
You see here 5 stones.
You hit the acid dragon but do no damage.
You hit the white imp with your +1 hand axe of chaos.
You barely miss the acid dragon with your +2 flail of protection.
The white imp hits you but does no damage.
The acid dragon bites you! The acid dragon misses you.
You take 9 damage, and have 32/54 hp.
You hit the white imp with your +2 flail of protection.
Your weapon exudes an aura of protection.
The white imp is severely wounded.
You closely miss the white imp with your +1 hand axe of chaos.
You hit the acid dragon with your +1 hand axe of chaos.
You freeze the acid dragon. The white imp gestures at you.
The puff of frost misses you. The acid dragon closely misses you.
The acid dragon claws you but does no damage.
The acid dragon spits acid at you. The splash of acid hits you!!
Ouch! That really hurt!
You die...
Xom laughs nastily!

........>........#))).
#......).........#....
#..###....###...##.)##
##..######'###...##..##
+...........#.....#....
#..........'.....#....
####..........#.....#..##
#(.....5......#.....#..##
........D@.....#.....#..#.
###:######....##...###..##
# #.#.#########..## .....#
#...... ....## #......
###### #######


You could see an acid dragon (catching breath) and a white imp.

Vanquished Creatures
  A gargoyle (D:6)
  Grinder (D:3)
  Eustachio (D:4)
  A black bear (D:4)
  An ogre (D:4)
  A sky beast (D:6)
  2 centaurs (D:6)
  A gnoll sergeant (D:6)
  3 bullfrogs
  3 wights (D:6)
  2 bombardier beetles
  2 jellies
  5 hounds
  2 orc priests (D:6)
  A sleepcap (D:6)
  Terence (D:3)
  4 iguanas (D:6)
  5 orc wizards
  A hell rat (Sewer)
  6 gnolls
  7 adders
  3 river rats (Sewer)
  A shadow imp (D:6)
  3 white imps (D:6)
  2 ufetubi (D:5)
  2 ribbon worms
  5 dart slugs
  10 orcs
  6 ball pythons
  11 bats
  4 endoplasms
  5 giant cockroaches
  7 goblins
  9 hobgoblins
  4 jackals (D:1)
  5 kobolds
  5 quokkas
  A quokka (shapeshifter) (D:6)
  4 frilled lizards
  11 rats
149 creatures vanquished.

Vanquished Creatures (collateral kills)
  A gnoll sergeant (D:5)
  A hound (D:5)
  A gnoll (D:5)
3 creatures vanquished.

Grand Total: 152 creatures vanquished

Notes
Turn   | Place    | Note
-------+----------+-------------------------------------------
     0 | D:1      | ezpacito the Coglin Chaos Knight began the quest for the
                  | Orb.
     0 | D:1      | Reached XP level 1. HP: 18/18 MP: 1/1
    12 | D:1      | Reached skill level 1 in Dodging
    18 | D:1      | Reached XP level 2. HP: 19/24 MP: 2/2
   119 | D:1      | Reached XP level 3. HP: 28/29 MP: 3/3
   258 | D:1      | XOM: silly message
   553 | D:2      | XOM: noise
   623 | D:2      | XOM: 1-stop teleportation journey
   934 | D:2      | Reached skill level 1 in Polearms
  1273 | D:3      | Reached XP level 4. HP: 35/35 MP: 4/4
  1388 | D:3      | XOM: silly message
  1403 | D:3      | XOM: noise
  1421 | D:3      | Reached XP level 5. HP: 40/41 MP: 5/5
  1442 | D:3      | Found a radiant altar of Vehumet.
  1504 | D:3      | Noticed Terence
  1514 | D:3      | Killed Terence
  1515 | D:3      | Reached skill level 1 in Evocations
  1522 | D:3      | Identified the +2 leather armour of the Gravedigger {rF++
                  | rC+ Will+ MP-9}
  1604 | D:3      | Noticed Grinder
  1612 | D:3      | Paralysed by Grinder for 4 turns
  1621 | D:3      | XOM: cast spell 'Cause Fear'
  1643 | D:3      | Found Usonafoh's Book Emporium.
  1687 | D:3      | XOM: divination: detect creatures
  1689 | D:3      | XOM: cast spell 'Summon Cactus Giant'
  1702 | D:3      | Killed Grinder
  1703 | D:3      | Reached skill level 1 in Stealth
  1703 | D:3      | Reached skill level 1 in Spellcasting
  1703 | D:3      | Reached skill level 1 in Necromancy
  1703 | D:3      | Reached XP level 6. HP: 34/48 MP: 7/7
  1736 | D:3      | Found a glowing drain.
  1741 | D:3      | XOM: polymorph ribbon worm -> kobold
  1747 | Sewer    | Entered a sewer
  1835 | Sewer    | Gained mutation: You are frail. (-10% HP) [potion of
                  | mutation]
  1835 | Sewer    | Gained mutation: You are very frail. (-20% HP) [potion of
                  | mutation]
  1835 | Sewer    | Gained mutation: Your system is resistant to poisons.
                  | (rPois) [potion of mutation]
  1835 | Sewer    | Gained mutation: You have hidden genetic potential. [potion
                  | of mutation]
  1910 | Sewer    | XOM: cloud trail
  2042 | D:3      | Found a sacrificial altar of Ru.
  2395 | D:4      | Noticed Eustachio
  2403 | D:4      | Killed Eustachio
  2404 | D:4      | Reached XP level 7. HP: 30/43 MP: 0/9
  2501 | D:4      | Gained mutation: You have a pair of small horns on your
                  | head. [hidden potential]
  2585 | D:4      | Found a stormy altar of Qazlal.
  2614 | D:4      | Found a staircase to the Ecumenical Temple.
  2614 | D:4      | XOM: 2-stop teleportation journey
  2655 | Temple   | Entered the Ecumenical Temple
  2909 | D:4      | Found a bloodstained altar of Trog.
  2958 | D:4      | Reached XP level 8. HP: 38/48 MP: 1/10
  2982 | D:4      | XOM: scenery: create altars
  3004 | D:4      | XOM: cloud trail
  3081 | D:4      | XOM: give mutation
  3081 | D:4      | Gained mutation: Your flesh is cold resistant. (rC+) [Xom's
                  | grace]
  3345 | D:5      | Entered Level 5 of the Dungeon
  3480 | D:5      | XOM: summons 4 friendly demons
  3500 | D:5      | Gained mutation: You are covered in fur. (AC +1) [hidden
                  | potential]
  3500 | D:5      | Lost mutation: You have hidden genetic potential. [hidden
                  | potential expressed]
  3629 | D:5      | Learned a level 2 spell: Ensorcelled Hibernation
  3633 | D:5      | Learned a level 3 spell: Passwall
  3638 | D:5      | Learned a level 4 spell: Summon Blazeheart Golem
  3640 | D:5      | Learned a level 1 spell: Summon Small Mammal
  3681 | D:5      | Found a burning altar of Makhleb.
  3789 | D:5      | XOM: noise
  4090 | D:6      | XOM: chaos upgrade
  4107 | D:6      | Found Fyxtoin's Jewellery Boutique.
  4109 | D:6      | Reached skill level 5 in Axes
  4176 | D:6      | Reached skill level 1 in Unarmed Combat
  4184 | D:6      | Reached skill level 1 in Summonings
  4186 | D:6      | Reached skill level 5 in Fighting
  4344 | D:6      | XOM: give mutation
  4344 | D:6      | Lost mutation: You have a pair of small horns on your head.
                  | [Xom's mischief]
  4350 | D:6      | Reached XP level 9. HP: 36/54 MP: 3/12
  4796 | D:6      | Got the Tome of Topology
  4835 | D:6      | Learned a level 2 spell: Blink
  4993 | D:6      | Noticed a gargoyle
  5009 | D:6      | a howler monkey changed into a glowing shapeshifter
  5009 | D:6      | Noticed a glowing shapeshifter (glowing shapeshifter)
  5009 | D:6      | XOM: polymorph howler monkey -> glowing shapeshifter
  5009 | D:6      | a glowing shapeshifter changed into a quokka
  5017 | D:6      | Killed a gargoyle
  5083 | D:6      | Killed from afar by an acid dragon

Illustrated notes

Levels and vault maps discovered:
D:1:      giann_horns, layout_rooms, corexii_item_surrounded_by_moat,
          minmay_tiny_reverse_x
D:2:      layout_basic
D:3:      layout_basic, lemuel_coloured_pillars_altar,
          nicolae_ru_the_path_less_chosen, serial_shops, shop,
          cheibrodos_sewer_entry_bend, uniq_terence, uniq_grinder
D:4:      layout_basic, nicolae_overflow_crystal_walls,
          nicolae_overflow_hidden_temple, minmay_temple_entry_ruins,
          minmay_door_square, uniq_eustachio
D:5:      layout_basic, mainiacjoe_overflow_24_doors
D:6:      minmay_thinvault, layout_gridville, serial_shops, shop,
          minmay_manual_monolith
Temple:   hellmonk_temple_of_storms

Skill      XL: |  1  2  3  4  5  6  7  8  9 |
---------------+----------------------------+-----
Dodging        | 1 2 3 4 |  4.1
Armour         | 2 3 4 |  4.5
Polearms       | 1 2 3 |  3.7
Evocations     | 1 2 3 |  3.6
Stealth        | 1 2 |  2.6
Spellcasting   | 1 2 |  2.4
Necromancy     | 1 2 |  2.7
Axes           | 4 5 |  5.4
Fighting       | 4 5 |  5.4
Unarmed Combat | 1 |  1.6
Summonings     | 1 |  1.7
Hexes          | |  0.4
Translocations | |  0.3
Fire Magic     | |  0.4
Ice Magic      | |  0.3
Earth Magic    | |  0.3

Action                     |  1- 3 |  4- 6 |  7- 9 || total
---------------------------+-------+-------+-------++-------
  Melee: Hand axe          |    63 |    88 |   157 ||   308
         Dagger            |    40 |       |       ||    40
         Mace              |    13 |    82 |       ||    95
         Flail             |       |     9 |   160 ||   169
         Headbutt          |       |       |    30 ||    30
  Evoke: Wand              |       |       |     2 ||     2
    Use: Scroll            |     1 |     9 |     3 ||    13
         Potion            |       |     5 |     6 ||    11
   Stab: Held in net/web   |     1 |       |       ||     1
         Paralysed         |       |       |     1 ||     1
         Confused          |       |       |     1 ||     1
         Invisible         |       |       |     1 ||     1
 Armour: Leather armour    |    41 |    77 |   157 ||   275
         Skin              |       |       |     3 ||     3
  Dodge: Dodged            |    67 |    78 |   149 ||   294

Table legend: (Time is in decaauts)
 A = Elapsed time spent in this place.
 B = Non-inter-level travel time spent in this place.
 C = Inter-level travel time spent in this place.
 D = Time resting spent in this place.
 E = Time spent auto-exploring this place.
 F = Levels seen in this place.
 G = Mean time per level.
                   A        B        C        D        E       F      G
               +--------+--------+--------+--------+--------+-----+--------+
         Total |   5158 |   4998 |    160 |    140 |   3518 |   8 |  644.8 |
       Dungeon |   4941 |   4781 |    160 |    140 |   3424 |   6 |  823.5 |
        Temple |      1 |      1 |      0 |      0 |      0 |   1 |    1.0 |
         Sewer |    215 |    215 |      0 |      0 |     93 |   1 |  215.0 |
               +--------+--------+--------+--------+--------+-----+--------+

Top non-repeatable levels by time:
     D:6: 1012 daAuts
     D:4: 984 daAuts
     D:3: 924 daAuts
     D:5: 744 daAuts
     D:2: 719 daAuts
     D:1: 556 daAuts
   Sewer: 215 daAuts
  Temple: 1 daAuts
